Map: Frost LE

Players

NerfOpTerran - Winner!

  • Race: Zerg Zerg
  • League: Diamond

IIIIIIIIIIII

  • Race: Zerg Zerg
  • League: Diamond

VOD

Have the link to the VOD?

Description

Time

  • Played on: Aug. 30, 2016, 8:37 a.m.
  • Length: 17:17
Show
View Real Time Build Order
Export as new Build Order

NerfOpTerran Zerg - Winner!

Build Orders: Hatch First, Lurkers 

Get SALT Encoding   

  12  0:01  Drone  
  13  0:13  Overlord  
  13  0:17  Drone  
  14  0:31  Drone x2  
  14  0:35  Drone  
  17  0:55  Hatchery  
  17  0:56  Drone  
  17  0:59  Drone  
  18  1:13  Spawning Pool  
  18  1:15  Extractor  
  18  1:17  Drone  
  17  1:20  Drone  
  18  1:29  Drone  
  19  1:41  Overlord  
  19  2:01  Queen  
  19  2:03  Zergling x4  
  19  2:07  Queen  
  25  2:13  Drone x2  
  25  2:15  Metabolic Boost  
  27  2:26  Drone x2  
  29  2:37  Zergling x4  
  31  2:43  Baneling Nest  
  30  2:54  Drone x3  
  30  2:58  Overlord  
  33  3:05  Drone x2  
  35  3:13  Zergling x2  
  36  3:24  Drone x7  
  43  3:33  Lair  
  43  3:36  Drone  
  44  3:44  Overlord  
  44  3:52  Extractor  
  44  3:53  Overlord, Extractor  
  42  3:57  Hatchery  
  42  3:58  Drone  
  42  3:59  Drone x2  
  44  4:03  Drone  
  44  4:04  Drone x3, Roach Warren  
  44  4:07  Extractor  
  44  4:08  Drone  
  47  4:14  Zergling x2  
  47  4:25  Drone x4  
  48  4:43  Drone  
  48  4:44  Drone x4  
  48  4:45  Spire  
  51  4:48  Overlord  
  51  4:57  Zergling x2  
  52  5:01  Zergling x2  
  52  5:04  Baneling x2  
  52  5:05  Zergling x2  
  52  5:06  Zergling x6  
  57  5:13  Queen  
  59  5:18  Drone x6  
  65  5:26  Extractor  
  64  5:30  Extractor  
  64  5:33  Overlord  
  63  5:38  Drone x2  
  63  5:40  Drone  
  63  5:41  Drone x6  
  66  6:03  Mutalisk x8  
  81  6:08  Overlord x2  
  81  6:09  Overlord  
  81  6:15  Zerg Flyer Weapons Level 1  
  81  6:26  Mutalisk  
  81  6:27  Mutalisk x4  
  91  6:36  Evolution Chamber  
  91  6:37  Evolution Chamber  
  89  6:41  Mutalisk  
  89  6:42  Mutalisk  
  89  6:45  Drone  
  89  6:46  Drone x4  
  89  6:47  Overlord x2  
  98  7:05  Drone  
  98  7:06  Drone x9  
  98  7:07  Hatchery  
  98  7:08  Zerg Melee Weapons Level 1  
  107  7:10  Zerg Ground Armor Level 1  
  107  7:14  Hydralisk Den  
  106  7:16  Overlord x2  
  104  7:41  Zergling x2  
  104  7:42  Zergling x20  
  113  7:53  Lurker Den  
  113  7:56  Zergling x14  
  114  8:07  Mutalisk x3  
  113  8:13  Overseer  
  105  8:34  Zerg Flyer Weapons Level 2  
  104  8:46  Hydralisk x10  
  104  8:47  Hydralisk x2  
  127  8:50  Queen  
  127  8:51  Queen  
  127  8:53  Overlord  
  127  8:54  Overlord x8  
  131  8:57  Extractor  
  131  8:58  Extractor  
  129  9:12  Zerg Melee Weapons Level 2, Zerg Ground Armor Level 2  
  129  9:21  Lurker x4  
  129  9:23  Zergling x2  
  135  9:24  Zergling x16  
  142  9:44  Lurker  
  142  9:45  Lurker x4  
  139  9:47  Zergling x18  
  139  9:48  Zergling x6  
  151  10:03  Zergling x2  
  146  10:22  Zergling x2  
  146  10:23  Zergling x28  
  146  10:28  Lurker x2  
  160  10:29  Lurker  
  162  10:36  Centrifical Hooks  
  139  11:11  Mutalisk  
  139  11:12  Mutalisk x12  
  139  11:15  Queen  
  139  11:17  Baneling x4  
  139  11:18  Baneling x2  
  167  11:30  Pneumatized Carapace  
  164  12:01  Zergling x14  
  165  12:02  Zergling x14  
  178  12:19  Drone x2  
  178  12:20  Drone  
  181  12:23  Baneling  
  181  12:24  Baneling x20  
  181  12:25  Baneling x4  
  181  12:26  Hatchery, Baneling x4  
  172  13:06  Mutalisk x6  
  184  13:28  Zergling x2  
  184  13:31  Overlord x2  
  172  14:19  Mutalisk  
  172  14:20  Mutalisk x8  
  186  14:31  Overseer x2  
  179  14:52  Hatchery  
  178  15:08  Hatchery  
  178  15:09  Zergling x6  
  178  15:10  Zergling x16  
  177  15:39  Mutalisk x6  
  177  15:40  Mutalisk x4  
  150  16:30  Zergling x26  
  150  16:31  Zergling x4  
Show
View Real Time Build Order
Export as new Build Order

IIIIIIIIIIII Zerg 

Build Orders: Pool First, Lurkers 

Get SALT Encoding   

  12  0:01  Drone  
  13  0:12  Overlord  
  13  0:18  Drone  
  14  0:31  Drone x2  
  14  0:35  Drone  
  17  0:46  Drone  
  18  0:50  Spawning Pool  
  17  1:10  Hatchery  
  16  1:13  Drone  
  16  1:15  Drone  
  18  1:19  Extractor  
  18  1:23  Overlord  
  17  1:29  Drone  
  18  1:36  Queen  
  18  1:39  Zergling x2  
  21  1:52  Drone  
  22  2:05  Drone  
  23  2:12  Queen  
  25  2:24  Queen  
  28  2:30  Drone x2  
  28  2:32  Drone  
  28  2:33  Drone  
  31  2:40  Drone  
  31  2:44  Drone x2, Roach Warren  
  32  2:52  Drone x2  
  32  2:58  Drone x2  
  36  3:00  Overlord  
  36  3:08  Evolution Chamber  
  36  3:11  Evolution Chamber  
  34  3:15  Overlord  
  34  3:16  Drone x2  
  36  3:20  Extractor  
  36  3:21  Drone  
  36  3:27  Roach x2  
  40  3:38  Zerg Ground Armor Level 1  
  40  3:39  Drone x3  
  43  3:43  Zerg Missile Weapons Level 1  
  43  3:44  Drone  
  44  3:52  Overlord  
  44  3:56  Drone x4  
  48  4:05  Roach  
  50  4:13  Roach  
  50  4:14  Roach x3  
  54  4:25  Queen  
  54  4:27  Roach x2  
  54  4:28  Roach  
  54  4:29  Overlord  
  58  4:36  Drone x2  
  57  4:47  Hatchery  
  57  4:49  Lair  
  56  4:54  Extractor  
  56  4:59  Drone x4  
  59  5:08  Overlord  
  59  5:11  Drone x6  
  59  5:14  Extractor  
  64  5:21  Overlord  
  64  5:26  Overlord  
  64  5:37  Drone  
  64  5:38  Drone x5  
  64  5:41  Roach x2  
  74  5:48  Overseer  
  74  5:53  Roach x2  
  71  5:58  Glial Reconstitution  
  71  6:06  Drone x4, Queen  
  77  6:16  Queen x2  
  81  6:20  Spore Crawler, Drone  
  81  6:21  Drone x6  
  81  6:23  Spore Crawler  
  81  6:25  Spore Crawler  
  85  6:33  Drone x3  
  85  6:39  Spore Crawler  
  87  6:40  Overlord  
  87  6:44  Zerg Missile Weapons Level 2  
  87  6:49  Overlord  
  87  6:50  Overlord  
  87  6:58  Queen  
  89  7:04  Overlord  
  89  7:06  Queen x2  
  93  7:09  Overlord  
  93  7:16  Overlord  
  93  7:19  Overlord x2  
  93  7:33  Hydralisk Den  
  93  7:34  Queen  
  90  7:42  Queen x2  
  90  7:45  Spore Crawler  
  90  7:49  Spore Crawler  
  89  8:01  Roach  
  89  8:02  Roach x7  
  105  8:09  Queen  
  107  8:18  Queen x2  
  107  8:19  Hydralisk  
  107  8:20  Hydralisk x7  
  107  8:25  Hydralisk x2  
  115  8:30  Drone  
  115  8:31  Drone  
  117  8:34  Hydralisk x2  
  119  8:45  Queen  
  119  8:47  Hydralisk x4  
  127  8:53  Extractor  
  124  8:59  Hydralisk x3  
  124  9:00  Nydus Network  
  129  9:03  Zergling x2  
  129  9:06  Extractor  
  129  9:08  Zerg Ground Armor Level 2  
  129  9:11  Muscular Augments  
  129  9:13  Roach x2  
  129  9:14  Roach  
  135  9:19  Drone x4  
  139  9:40  Nydus Canal  
  139  9:44  Roach  
  139  9:45  Roach x4  
  145  9:49  Overlord  
  145  9:54  Nydus Canal  
  145  9:56  Overlord  
  145  10:03  Overlord  
  145  10:04  Overlord  
  145  10:21  Overlord  
  143  10:22  Overseer  
  143  10:26  Drone x2  
  143  10:27  Drone x7  
  152  10:29  Extractor  
  152  10:33  Overlord  
  148  10:43  Hatchery, Nydus Canal  
  147  10:52  Roach  
  147  10:53  Roach x4, Queen x3  
  147  10:56  Lurker Den  
  155  11:18  Overlord  
  153  11:37  Nydus Canal  
  153  11:45  Roach x9  
  171  11:52  Nydus Canal  
  171  12:01  Hatchery  
  170  12:09  Hatchery  
  170  12:11  Drone  
  170  12:12  Drone x5  
  175  12:20  Infestation Pit  
  174  12:23  Spore Crawler  
  174  12:24  Spore Crawler  
  174  12:26  Lurker x5  
  174  12:27  Lurker x3  
  174  12:29  Zergling x2  
  182  12:30  Zergling x10  
  186  12:37  Metabolic Boost  
  186  12:57  Overseer  
  186  12:58  Overseer x2  
  180  13:17  Nydus Canal  
  180  13:23  Hydralisk x9  
  198  13:40  Overlord  
  197  13:48  Nydus Canal  
  193  13:59  Overseer  
  193  14:02  Drone x3  
  195  14:06  Hive  
  157  14:21  Hydralisk x3  
  157  14:22  Hydralisk x8  
  148  14:35  Hatchery  
  148  14:37  Drone x3  
  150  14:39  Spore Crawler  
  150  14:40  Extractor x2  
  150  14:41  Spore Crawler x2  
  143  14:57  Drone x7  
  143  14:59  Queen  
  135  15:16  Roach x11  
  135  15:18  Extractor x2  
  135  15:20  Spore Crawler  
  136  15:31  Roach x7  
  144  15:39  Drone  
  145  15:47  Ultralisk Cavern  
  145  15:49  Drone x3  
  148  15:50  Drone  
  127  16:06  Viper x2  
  85  16:28  Hydralisk x3  
  85  16:29  Hydralisk x4  
  99  16:36  Drone x2  
  99  16:37  Drone  
  94  16:50  Hydralisk x4  
  86  17:12  Extractor  
  86  17:13  Extractor  
Tags
 
Add a new tag
Caveats
  • Supply blocks, unpowered buildings, or Contaminate may cause inaccurate times.
  • Supply counts are checked every 10 seconds.